Workbook

Sheet Календарь
A1: Платёжный календарь
A2: Остаток на счёте на начало, ₽ | C2: 350000 | E2: Как пользоваться: меняете жёлтые ячейки, остальное считается само. План — что договорились, факт — что реально пришло на счёт; пока факт пустой, расчёт идёт по плану. Красная строка — кассовый разрыв, жёлтая — остаток ниже 10 % от стартового.
A3: Первый день периода | C3: 46296
A5: Дата | B5: День | C5: Остаток на начало | D5: Поступления, план | E5: Поступления, факт | F5: Аренда и регулярные | G5: Зарплата и налоги | H5: Поставщики | I5: Прочее | J5: Расходы всего | K5: Остаток на конец | L5: Статус
A6: =$C$3+0 | B6: =CHOOSE(WEEKDAY(A6,2),"пн","вт","ср","чт","пт","сб","вс") | C6: =$C$2 | D6: 220000 | F6: =SUMIF(Регулярные!$B$4:$B$40,DAY(A6),Регулярные!$C$4:$C$40) | J6: =SUM(F6:I6) | K6: =C6+IF(E6<>"",E6,D6)-J6 | L6: =IF(K6<0,"КАССОВЫЙ РАЗРЫВ",IF(K6<$C$2*0.1,"мало денег","ок"))
A7: =$C$3+1 | B7: =CHOOSE(WEEKDAY(A7,2),"пн","вт","ср","чт","пт","сб","вс") | C7: =K6 | F7: =SUMIF(Регулярные!$B$4:$B$40,DAY(A7),Регулярные!$C$4:$C$40) | J7: =SUM(F7:I7) | K7: =C7+IF(E7<>"",E7,D7)-J7 | L7: =IF(K7<0,"КАССОВЫЙ РАЗРЫВ",IF(K7<$C$2*0.1,"мало денег","ок"))
A8: =$C$3+2 | B8: =CHOOSE(WEEKDAY(A8,2),"пн","вт","ср","чт","пт","сб","вс") | C8: =K7 | F8: =SUMIF(Регулярные!$B$4:$B$40,DAY(A8),Регулярные!$C$4:$C$40) | H8: 210000 | J8: =SUM(F8:I8) | K8: =C8+IF(E8<>"",E8,D8)-J8 | L8: =IF(K8<0,"КАССОВЫЙ РАЗРЫВ",IF(K8<$C$2*0.1,"мало денег","ок"))
A9: =$C$3+3 | B9: =CHOOSE(WEEKDAY(A9,2),"пн","вт","ср","чт","пт","сб","вс") | C9: =K8 | F9: =SUMIF(Регулярные!$B$4:$B$40,DAY(A9),Регулярные!$C$4:$C$40) | J9: =SUM(F9:I9) | K9: =C9+IF(E9<>"",E9,D9)-J9 | L9: =IF(K9<0,"КАССОВЫЙ РАЗРЫВ",IF(K9<$C$2*0.1,"мало денег","ок"))
A10: =$C$3+4 | B10: =CHOOSE(WEEKDAY(A10,2),"пн","вт","ср","чт","пт","сб","вс") | C10: =K9 | D10: 195000 | F10: =SUMIF(Регулярные!$B$4:$B$40,DAY(A10),Регулярные!$C$4:$C$40) | J10: =SUM(F10:I10) | K10: =C10+IF(E10<>"",E10,D10)-J10 | L10: =IF(K10<0,"КАССОВЫЙ РАЗРЫВ",IF(K10<$C$2*0.1,"мало денег","ок"))
A11: =$C$3+5 | B11: =CHOOSE(WEEKDAY(A11,2),"пн","вт","ср","чт","пт","сб","вс") | C11: =K10 | F11: =SUMIF(Регулярные!$B$4:$B$40,DAY(A11),Регулярные!$C$4:$C$40) | J11: =SUM(F11:I11) | K11: =C11+IF(E11<>"",E11,D11)-J11 | L11: =IF(K11<0,"КАССОВЫЙ РАЗРЫВ",IF(K11<$C$2*0.1,"мало денег","ок"))
A12: =$C$3+6 | B12: =CHOOSE(WEEKDAY(A12,2),"пн","вт","ср","чт","пт","сб","вс") | C12: =K11 | F12: =SUMIF(Регулярные!$B$4:$B$40,DAY(A12),Регулярные!$C$4:$C$40) | J12: =SUM(F12:I12) | K12: =C12+IF(E12<>"",E12,D12)-J12 | L12: =IF(K12<0,"КАССОВЫЙ РАЗРЫВ",IF(K12<$C$2*0.1,"мало денег","ок"))
A13: =$C$3+7 | B13: =CHOOSE(WEEKDAY(A13,2),"пн","вт","ср","чт","пт","сб","вс") | C13: =K12 | F13: =SUMIF(Регулярные!$B$4:$B$40,DAY(A13),Регулярные!$C$4:$C$40) | J13: =SUM(F13:I13) | K13: =C13+IF(E13<>"",E13,D13)-J13 | L13: =IF(K13<0,"КАССОВЫЙ РАЗРЫВ",IF(K13<$C$2*0.1,"мало денег","ок"))
A14: =$C$3+8 | B14: =CHOOSE(WEEKDAY(A14,2),"пн","вт","ср","чт","пт","сб","вс") | C14: =K13 | F14: =SUMIF(Регулярные!$B$4:$B$40,DAY(A14),Регулярные!$C$4:$C$40) | J14: =SUM(F14:I14) | K14: =C14+IF(E14<>"",E14,D14)-J14 | L14: =IF(K14<0,"КАССОВЫЙ РАЗРЫВ",IF(K14<$C$2*0.1,"мало денег","ок"))
A15: =$C$3+9 | B15: =CHOOSE(WEEKDAY(A15,2),"пн","вт","ср","чт","пт","сб","вс") | C15: =K14 | F15: =SUMIF(Регулярные!$B$4:$B$40,DAY(A15),Регулярные!$C$4:$C$40) | H15: 180000 | J15: =SUM(F15:I15) | K15: =C15+IF(E15<>"",E15,D15)-J15 | L15: =IF(K15<0,"КАССОВЫЙ РАЗРЫВ",IF(K15<$C$2*0.1,"мало денег","ок"))
A16: =$C$3+10 | B16: =CHOOSE(WEEKDAY(A16,2),"пн","вт","ср","чт","пт","сб","вс") | C16: =K15 | F16: =SUMIF(Регулярные!$B$4:$B$40,DAY(A16),Регулярные!$C$4:$C$40) | J16: =SUM(F16:I16) | K16: =C16+IF(E16<>"",E16,D16)-J16 | L16: =IF(K16<0,"КАССОВЫЙ РАЗРЫВ",IF(K16<$C$2*0.1,"мало денег","ок"))
A17: =$C$3+11 | B17: =CHOOSE(WEEKDAY(A17,2),"пн","вт","ср","чт","пт","сб","вс") | C17: =K16 | F17: =SUMIF(Регулярные!$B$4:$B$40,DAY(A17),Регулярные!$C$4:$C$40) | J17: =SUM(F17:I17) | K17: =C17+IF(E17<>"",E17,D17)-J17 | L17: =IF(K17<0,"КАССОВЫЙ РАЗРЫВ",IF(K17<$C$2*0.1,"мало денег","ок"))
A18: =$C$3+12 | B18: =CHOOSE(WEEKDAY(A18,2),"пн","вт","ср","чт","пт","сб","вс") | C18: =K17 | F18: =SUMIF(Регулярные!$B$4:$B$40,DAY(A18),Регулярные!$C$4:$C$40) | J18: =SUM(F18:I18) | K18: =C18+IF(E18<>"",E18,D18)-J18 | L18: =IF(K18<0,"КАССОВЫЙ РАЗРЫВ",IF(K18<$C$2*0.1,"мало денег","ок"))
A19: =$C$3+13 | B19: =CHOOSE(WEEKDAY(A19,2),"пн","вт","ср","чт","пт","сб","вс") | C19: =K18 | F19: =SUMIF(Регулярные!$B$4:$B$40,DAY(A19),Регулярные!$C$4:$C$40) | J19: =SUM(F19:I19) | K19: =C19+IF(E19<>"",E19,D19)-J19 | L19: =IF(K19<0,"КАССОВЫЙ РАЗРЫВ",IF(K19<$C$2*0.1,"мало денег","ок"))
A20: =$C$3+14 | B20: =CHOOSE(WEEKDAY(A20,2),"пн","вт","ср","чт","пт","сб","вс") | C20: =K19 | D20: 160000 | F20: =SUMIF(Регулярные!$B$4:$B$40,DAY(A20),Регулярные!$C$4:$C$40) | J20: =SUM(F20:I20) | K20: =C20+IF(E20<>"",E20,D20)-J20 | L20: =IF(K20<0,"КАССОВЫЙ РАЗРЫВ",IF(K20<$C$2*0.1,"мало денег","ок"))
A21: =$C$3+15 | B21: =CHOOSE(WEEKDAY(A21,2),"пн","вт","ср","чт","пт","сб","вс") | C21: =K20 | F21: =SUMIF(Регулярные!$B$4:$B$40,DAY(A21),Регулярные!$C$4:$C$40) | J21: =SUM(F21:I21) | K21: =C21+IF(E21<>"",E21,D21)-J21 | L21: =IF(K21<0,"КАССОВЫЙ РАЗРЫВ",IF(K21<$C$2*0.1,"мало денег","ок"))
A22: =$C$3+16 | B22: =CHOOSE(WEEKDAY(A22,2),"пн","вт","ср","чт","пт","сб","вс") | C22: =K21 | F22: =SUMIF(Регулярные!$B$4:$B$40,DAY(A22),Регулярные!$C$4:$C$40) | H22: 140000 | J22: =SUM(F22:I22) | K22: =C22+IF(E22<>"",E22,D22)-J22 | L22: =IF(K22<0,"КАССОВЫЙ РАЗРЫВ",IF(K22<$C$2*0.1,"мало денег","ок"))
A23: =$C$3+17 | B23: =CHOOSE(WEEKDAY(A23,2),"пн","вт","ср","чт","пт","сб","вс") | C23: =K22 | F23: =SUMIF(Регулярные!$B$4:$B$40,DAY(A23),Регулярные!$C$4:$C$40) | J23: =SUM(F23:I23) | K23: =C23+IF(E23<>"",E23,D23)-J23 | L23: =IF(K23<0,"КАССОВЫЙ РАЗРЫВ",IF(K23<$C$2*0.1,"мало денег","ок"))
A24: =$C$3+18 | B24: =CHOOSE(WEEKDAY(A24,2),"пн","вт","ср","чт","пт","сб","вс") | C24: =K23 | D24: 60000 | F24: =SUMIF(Регулярные!$B$4:$B$40,DAY(A24),Регулярные!$C$4:$C$40) | J24: =SUM(F24:I24) | K24: =C24+IF(E24<>"",E24,D24)-J24 | L24: =IF(K24<0,"КАССОВЫЙ РАЗРЫВ",IF(K24<$C$2*0.1,"мало денег","ок"))
A25: =$C$3+19 | B25: =CHOOSE(WEEKDAY(A25,2),"пн","вт","ср","чт","пт","сб","вс") | C25: =K24 | F25: =SUMIF(Регулярные!$B$4:$B$40,DAY(A25),Регулярные!$C$4:$C$40) | J25: =SUM(F25:I25) | K25: =C25+IF(E25<>"",E25,D25)-J25 | L25: =IF(K25<0,"КАССОВЫЙ РАЗРЫВ",IF(K25<$C$2*0.1,"мало денег","ок"))
A26: =$C$3+20 | B26: =CHOOSE(WEEKDAY(A26,2),"пн","вт","ср","чт","пт","сб","вс") | C26: =K25 | F26: =SUMIF(Регулярные!$B$4:$B$40,DAY(A26),Регулярные!$C$4:$C$40) | J26: =SUM(F26:I26) | K26: =C26+IF(E26<>"",E26,D26)-J26 | L26: =IF(K26<0,"КАССОВЫЙ РАЗРЫВ",IF(K26<$C$2*0.1,"мало денег","ок"))
A27: =$C$3+21 | B27: =CHOOSE(WEEKDAY(A27,2),"пн","вт","ср","чт","пт","сб","вс") | C27: =K26 | D27: 250000 | F27: =SUMIF(Регулярные!$B$4:$B$40,DAY(A27),Регулярные!$C$4:$C$40) | J27: =SUM(F27:I27) | K27: =C27+IF(E27<>"",E27,D27)-J27 | L27: =IF(K27<0,"КАССОВЫЙ РАЗРЫВ",IF(K27<$C$2*0.1,"мало денег","ок"))
A28: =$C$3+22 | B28: =CHOOSE(WEEKDAY(A28,2),"пн","вт","ср","чт","пт","сб","вс") | C28: =K27 | F28: =SUMIF(Регулярные!$B$4:$B$40,DAY(A28),Регулярные!$C$4:$C$40) | J28: =SUM(F28:I28) | K28: =C28+IF(E28<>"",E28,D28)-J28 | L28: =IF(K28<0,"КАССОВЫЙ РАЗРЫВ",IF(K28<$C$2*0.1,"мало денег","ок"))
A29: =$C$3+23 | B29: =CHOOSE(WEEKDAY(A29,2),"пн","вт","ср","чт","пт","сб","вс") | C29: =K28 | F29: =SUMIF(Регулярные!$B$4:$B$40,DAY(A29),Регулярные!$C$4:$C$40) | J29: =SUM(F29:I29) | K29: =C29+IF(E29<>"",E29,D29)-J29 | L29: =IF(K29<0,"КАССОВЫЙ РАЗРЫВ",IF(K29<$C$2*0.1,"мало денег","ок"))
A30: =$C$3+24 | B30: =CHOOSE(WEEKDAY(A30,2),"пн","вт","ср","чт","пт","сб","вс") | C30: =K29 | F30: =SUMIF(Регулярные!$B$4:$B$40,DAY(A30),Регулярные!$C$4:$C$40) | I30: 35000 | J30: =SUM(F30:I30) | K30: =C30+IF(E30<>"",E30,D30)-J30 | L30: =IF(K30<0,"КАССОВЫЙ РАЗРЫВ",IF(K30<$C$2*0.1,"мало денег","ок"))
A31: =$C$3+25 | B31: =CHOOSE(WEEKDAY(A31,2),"пн","вт","ср","чт","пт","сб","вс") | C31: =K30 | F31: =SUMIF(Регулярные!$B$4:$B$40,DAY(A31),Регулярные!$C$4:$C$40) | J31: =SUM(F31:I31) | K31: =C31+IF(E31<>"",E31,D31)-J31 | L31: =IF(K31<0,"КАССОВЫЙ РАЗРЫВ",IF(K31<$C$2*0.1,"мало денег","ок"))
A32: =$C$3+26 | B32: =CHOOSE(WEEKDAY(A32,2),"пн","вт","ср","чт","пт","сб","вс") | C32: =K31 | F32: =SUMIF(Регулярные!$B$4:$B$40,DAY(A32),Регулярные!$C$4:$C$40) | J32: =SUM(F32:I32) | K32: =C32+IF(E32<>"",E32,D32)-J32 | L32: =IF(K32<0,"КАССОВЫЙ РАЗРЫВ",IF(K32<$C$2*0.1,"мало денег","ок"))
A33: =$C$3+27 | B33: =CHOOSE(WEEKDAY(A33,2),"пн","вт","ср","чт","пт","сб","вс") | C33: =K32 | D33: 230000 | F33: =SUMIF(Регулярные!$B$4:$B$40,DAY(A33),Регулярные!$C$4:$C$40) | J33: =SUM(F33:I33) | K33: =C33+IF(E33<>"",E33,D33)-J33 | L33: =IF(K33<0,"КАССОВЫЙ РАЗРЫВ",IF(K33<$C$2*0.1,"мало денег","ок"))
A34: =$C$3+28 | B34: =CHOOSE(WEEKDAY(A34,2),"пн","вт","ср","чт","пт","сб","вс") | C34: =K33 | F34: =SUMIF(Регулярные!$B$4:$B$40,DAY(A34),Регулярные!$C$4:$C$40) | J34: =SUM(F34:I34) | K34: =C34+IF(E34<>"",E34,D34)-J34 | L34: =IF(K34<0,"КАССОВЫЙ РАЗРЫВ",IF(K34<$C$2*0.1,"мало денег","ок"))
A35: =$C$3+29 | B35: =CHOOSE(WEEKDAY(A35,2),"пн","вт","ср","чт","пт","сб","вс") | C35: =K34 | F35: =SUMIF(Регулярные!$B$4:$B$40,DAY(A35),Регулярные!$C$4:$C$40) | J35: =SUM(F35:I35) | K35: =C35+IF(E35<>"",E35,D35)-J35 | L35: =IF(K35<0,"КАССОВЫЙ РАЗРЫВ",IF(K35<$C$2*0.1,"мало денег","ок"))
A36: =$C$3+30 | B36: =CHOOSE(WEEKDAY(A36,2),"пн","вт","ср","чт","пт","сб","вс") | C36: =K35 | F36: =SUMIF(Регулярные!$B$4:$B$40,DAY(A36),Регулярные!$C$4:$C$40) | J36: =SUM(F36:I36) | K36: =C36+IF(E36<>"",E36,D36)-J36 | L36: =IF(K36<0,"КАССОВЫЙ РАЗРЫВ",IF(K36<$C$2*0.1,"мало денег","ок"))
A37: Итого за период | D37: =SUM(D6:D36) | E37: =SUM(E6:E36) | F37: =SUM(F6:F36) | G37: =SUM(G6:G36) | H37: =SUM(H6:H36) | I37: =SUM(I6:I36) | J37: =SUM(J6:J36) | K37: =K36
A38: Минимальный остаток за период | K38: =MIN(K6:K36)
A39: Дней с кассовым разрывом | K39: =COUNTIF(L6:L36,"КАССОВЫЙ РАЗРЫВ")

Sheet Регулярные
A1: Регулярные платежи
A2: Заполните один раз — календарь сам подставит сумму в нужный день месяца.
A3: Платёж | B3: День месяца | C3: Сумма, ₽ | D3: Комментарий
A4: Аренда офиса | B4: 5 | C4: 85000 | D4: по договору аренды
A5: Зарплата, остаток за прошлый месяц | B5: 5 | C5: 240000
A6: Подписки на сервисы | B6: 1 | C6: 14000 | D6: CRM, бухгалтерия, телефония
A7: Связь и интернет | B7: 10 | C7: 6500
A8: Лизинг / кредит | B8: 15 | C8: 48000
A9: Зарплата, аванс | B9: 20 | C9: 240000
A10: Налоги и взносы | B10: 28 | C10: 96000 | D10: ЕНП

Sheet Как пользоваться
A1: Шаблон платёжного календаря
A3: 1. На листе «Календарь» укажите остаток на счёте на начало периода и первый день (ячейки C2 и C3).
A4: 2. На листе «Регулярные» впишите аренду, зарплату, налоги, подписки с днём месяца. Они подставятся в календарь сами.
A5: 3. Плановые поступления вносите в столбец «Поступления, план» на дату, когда клиент обещал оплатить.
A6: 4. Когда деньги пришли, впишите сумму в «Поступления, факт». Пока факт пустой, расчёт идёт по плану.
A7: 5. Разовые расходы записывайте в «Поставщики» и «Прочее», зарплату и налоги вне графика в «Зарплата и налоги».
A8: 6. Остаток на конец дня считается нарастающим итогом. Красная строка означает кассовый разрыв, жёлтая остаток ниже 10 % от стартового.
A9: 7. Скопируйте лист «Календарь» на следующий месяц и перенесите остаток последнего дня в ячейку C2.
A11: Где таблица перестаёт справляться
A12: — счета выставляют в CRM или 1С, а сюда переносят руками, и часть платежей теряется;
A13: — с файлом работают несколько человек, и появляются версии с разными цифрами;
A14: — разрыв замечают, когда кто-то открыл файл, а не в момент, когда он возник.
... A17: Шаблон подготовлен командой «Орбита Икс», orbitax.ru. Можно использовать и менять свободно.
